 Dungeon Crawl Stone Soup version 0.22-a0-282-gdd34a7d (webtiles) character file.

656 Amnesiac the Conjurer (level 7, -7/41 HPs)
             Began as a Tengu Wizard on Mar 17, 2018.
             Mangled by an ogre
             ... wielding a +0 giant club
              (23 damage)
             ... on level 5 of the Dungeon.
             The game lasted 00:08:42 (5284 turns).

Amnesiac the Conjurer (Tengu Wizard)                Turns: 5284, Time: 00:08:43

Health: -7/41      AC:  4    Str:  7    XL:     7   Next: 55%
Magic:  12/13      EV: 16    Int: 24    God:
Gold:   221        SH:  5    Dex: 12    Spells: 5/13 levels left

rFire    . . .     SeeInvis .   r - +3 short sword (elec)
rCold    . . .     Gourm    .   k - +0 buckler
rNeg     . . .     Faith    .   a - +0 robe
rPois    .         Spirit   .   e - +1 hat
rElec    .         Reflect  .   f - +0 cloak
rCorr    .         Harm     .   (no gloves)
MR       .....                  (boots unavailable)
Stlth    ++........             (no amulet)
HPRegen  0.13/turn              l - +3 ring of intelligence
MPRegen  0.13/turn              g - ring of flight

@: flying quickly and evasively, quick
A: beak, talons 3, able to fly 1
a: Stop Flying


You were on level 5 of the Dungeon.
You were not hungry.

You visited 1 branch of the dungeon, and saw 5 of its levels.

You collected 221 gold pieces.

Inventory:

Hand Weapons
 j - a +7 dagger of holy wrath
 r - a +3 short sword of electrocution (weapon)
Armour
 a - a +0 robe (worn)
 e - a +1 hat (worn)
 f - a +0 cloak (worn)
 k - a +0 buckler (worn)
Jewellery
 g - a ring of flight (right hand)
 l - a +3 ring of intelligence (left hand)
Wands
 c - a wand of polymorph (7)
Scrolls
 i - 4 scrolls of teleportation {!r}
 u - a scroll of remove curse {!r}
Potions
 b - a potion of degeneration {!q, unknown}
 m - a potion of lignification {!q, unknown}
 n - a potion of flight {!q}
 p - a potion of cancellation {!q}
 q - a potion of curing {!q}
 s - a potion of berserk rage {!q}
Comestibles
 d - 5 rations
 x - 4 chunks of flesh


   Skills:
 * Level 3.6 Fighting
 * Level 4.0 Dodging
 - Level 2.0 Stealth
 - Level 4.0 Shields
 + Level 3.5 Spellcasting
 - Level 5.1 Conjurations
 - Level 1.2 Summonings
   Level 0.7 Translocations


You had 5 spell levels left.
You knew the following spells:

 Your Spells              Type           Power        Failure   Level  Hunger
b - Call Imp              Summ           ##......     10%         2    #......
e - Mephitic Cloud        Conj/Pois/Air  ##......     16%         3    ###....
s - Conjure Flame         Conj/Fire      ###.....     11%         3    ###....


Dungeon Overview and Level Annotations

Branches:
Dungeon (5/15)
 Temple: D:4-7

Altars:

Annotations:
D:5 Amnesiac's ghost, novice TeWz


Innate Abilities, Weirdness & Mutations

You have a beak for a mouth.
You have claws for feet.
You can fly.


Message History

A quokka skeleton is nearby!
A quokka skeleton is nearby!
The helpless quokka skeleton fails to defend itself.
You hit the quokka skeleton.
The quokka skeleton is heavily damaged.
The quokka skeleton bites you.
You hit the quokka skeleton.
The quokka skeleton is almost destroyed.
You block the quokka skeleton's attack.
You hit the quokka skeleton.
You destroy the quokka skeleton!
A centaur zombie comes into view.
A centaur zombie is nearby!
The centaur zombie hits you but does no damage.
You see here 6 gold pieces.
A centaur zombie is nearby!
You hit the centaur zombie. You claw the centaur zombie.
The centaur zombie is lightly damaged.
The centaur zombie closely misses you.
The centaur zombie completely misses you.
You hit the centaur zombie. You claw the centaur zombie.
You peck the centaur zombie.
The centaur zombie is heavily damaged.
You block the centaur zombie's attack.
You hit the centaur zombie.
Lightning courses through the centaur zombie!
You destroy the centaur zombie!
Your Dodging skill increases to level 4!
No target in view!
No target in view!
No target in view!
You now have 221 gold pieces (gained 6).
You feel less vulnerable to hostile enchantments.
An ogre comes into view. It is wielding a giant club.
The ogre shouts!
An ogre is nearby!
The ogre hits you with a giant club!!
Ouch! That really hurt!
* * * LOW HITPOINT WARNING * * *
Casting: Mephitic Cloud (safe; 16% risk of failure)
Confirm with . or Enter, or press ? or * to list all spells.
Aiming: Mephitic Cloud (safe; 16% risk of failure)
Press: ? - help, Shift-Dir - straight line, f - ogre
Aim: an ogre, wielding a giant club You miscast Mephitic Cloud.
You are very lightly contaminated with residual magic.
You feel a strange surge of energy!
Your magical contamination has completely faded away.
Casting: Mephitic Cloud (safe; 16% risk of failure)
Confirm with . or Enter, or press ? or * to list all spells.
Okay, then.
Unknown command.
Casting: Mephitic Cloud (safe; 16% risk of failure)
Confirm with . or Enter, or press ? or * to list all spells.
You don't know that spell.
Amnesiac's ghost (novice Tengu Wizard) comes into view.
It is wielding a weapon of venom.
Amnesiac's ghost turns its malevolent gaze towards you.
Amnesiac's ghost casts a spell.
Amnesiac's ghost blinks!
You feel very buoyant.
You swoop lightly up into the air.
You feel somewhat more hungry. The ogre hits you with a giant club!!
Ouch! That really hurt!
You die...

######### #####.......# ##
####......####<####.#####
#.........####.##.......
#.##.#....W.O@.........#
#.##.###..####.##....#.#
###.##.###..####.##......#
##................##..##..# #
.....÷....#.......##......#.#
.#.#....§.#.......###.......#
...#.#....#.......# ####.####
.....#............# #.#
...W......#.......# ###.###


You could see an ogre and Amnesiac's ghost.

Vanquished Creatures
  Blork the orc (D:4)
  A bullfrog (D:4)
  A scorpion (D:4)
  A centaur zombie (D:5)
  2 hounds (D:5)
  2 orc priests (D:4)
  Ijyb (D:3)
  2 orc wizards
  2 iguanas (D:4)
  A worker ant (D:5)
  Robin (D:3)
  5 adders
  An adder skeleton (D:4)
  2 worms
  2 dart slugs (D:3)
  A leopard gecko (D:2)
  5 orcs
  7 giant cockroaches
  22 goblins
  7 hobgoblins
  9 jackals
  5 kobolds
  3 quokkas
  10 bats
  7 frilled lizards
  A leopard gecko skeleton (D:4)
  A quokka skeleton (D:5)
  6 rats
109 creatures vanquished.

Vanquished Creatures (collateral kills)
  An adder (D:1)
  A worm (D:1)
2 creatures vanquished.

Vanquished Creatures (others)
  A plant (D:3)
1 creature vanquished.

Grand Total: 112 creatures vanquished

Notes
Turn   | Place    | Note
-------+----------+-------------------------------------------
     0 | D:1      | Amnesiac the Tengu Wizard began the quest for the Orb.
     0 | D:1      | Reached XP level 1. HP: 10/10 MP: 5/5
    36 | D:1      | Reached skill level 2 in Conjurations
   103 | D:1      | Reached XP level 2. HP: 6/15 MP: 0/7
   270 | D:1      | Reached skill level 3 in Conjurations
   637 | D:1      | Reached XP level 3. HP: 12/19 MP: 2/8
   645 | D:1      | Learned a level 2 spell: Call Imp
   649 | D:1      | Learned a level 3 spell: Mephitic Cloud
   733 | D:2      | Reached skill level 4 in Conjurations
  1074 | D:2      | Noticed an ice beast
  1671 | D:2      | Reached skill level 5 in Conjurations
  1671 | D:2      | Reached XP level 4. HP: 21/24 MP: 4/9
  1973 | D:3      | Reached skill level 1 in Shields
  2361 | D:3      | Gained mutation: You can fly. [Tengu growth]
  2361 | D:3      | Reached XP level 5. HP: 16/28 MP: 10/10
  2598 | D:3      | Noticed Ijyb
  2610 | D:3      | Learned a level 3 spell: Conjure Flame
  2926 | D:3      | Killed Ijyb
  3255 | D:3      | Noticed Robin
  3314 | D:3      | Killed Robin
  3937 | D:4      | Reached XP level 6. HP: 28/32 MP: 8/11
  3947 | D:4      | Reached skill level 1 in Fighting
  4091 | D:4      | Noticed Blork the orc
  4344 | D:4      | Killed Blork the orc
  4429 | D:4      | Reached XP level 7. HP: 40/40 MP: 8/12
  5142 | D:5      | Entered Level 5 of the Dungeon
  5274 | D:5      | Noticed Amnesiac's ghost (novice TeWz)
  5284 | D:5      | Mangled by an ogre

Vault maps used:
D:1:      mrwooster_arrival_statue
D:3:      serial_forest, infiniplex_forest_lined_room_,
          infiniplex_forest_lined_corner, infiniplex_forest_lined_room_3,
          infiniplex_forest_lined_room_, infiniplex_forest_clump_small,
          infiniplex_forest_lined_3, infiniplex_forest_lined_2,
          infiniplex_forest_zigzag_2, first_ration, uniq_robin, uniq_ijyb
D:4:      uniq_blork_the_orc
D:5:      lemuel_temple_firewalk_b, uniq_menkaure

Skill      XL: |  1  2  3  4  5  6  7 |
---------------+----------------------+-----
Conjurations   | 2 3 5 |  5.1
Shields        | 2 4 |  4.0
Fighting       | 2 3 |  3.6
Dodging        | 3 4 |  4.0
Stealth        | |  2.0
Spellcasting   | |  3.5
Summonings     | |  1.2
Translocations | |  0.7

Action                   |  1- 3 |  4- 6 |  7- 9 || total
-------------------------+-------+-------+-------++-------
Melee: Unarmed           |    16 |       |       ||    16
       Peck              |     2 |    22 |     6 ||    30
       Kick              |     7 |    37 |     7 ||    51
       Dagger            |       |   120 |       ||   120
       Short sword       |       |    39 |    36 ||    75
 Cast: Magic Dart        |    81 |    56 |       ||   137
       Call Imp          |     8 |     1 |       ||     9
       Mephitic Cloud    |       |     9 |     1 ||    10
 Abil: Evoke Flight      |       |     1 |     1 ||     2
  Use: Scroll            |       |     6 |     7 ||    13
       Potion            |       |       |     1 ||     1
 Stab: Confused          |       |     6 |       ||     6
       Sleeping          |       |     1 |     2 ||     3
  Eat: Chunk             |     3 |     9 |     3 ||    15
Armor: Robe              |    14 |    16 |     5 ||    35
Dodge: Dodged            |    31 |    68 |    16 ||   115
Block: Buckler           |       |    14 |    10 ||    24

Table legend:
 A = Spawn XP
 B = Non-spawn XP
 C = Spawn XP percentage of total XP
 D = Spawn monster count
 E = Non-spawn monster count
 F = Spawn count percentage of total count
 G = Total turns spent on level
                    A         B        C        D         E        F      G
               +---------+---------+-------+---------+---------+-------+---------
         Total |       0 |     938 |   0.0 |       0 |     111 |   0.0 |  5284
               +---------+---------+-------+---------+---------+-------+---------
           D:1 |       0 |      40 |   0.0 |       0 |      18 |   0.0 |  1045
           D:2 |       0 |      56 |   0.0 |       0 |      25 |   0.0 |   994
           D:3 |       0 |     203 |   0.0 |       0 |      44 |   0.0 |  1838
           D:4 |       0 |     472 |   0.0 |       0 |      19 |   0.0 |  1265
           D:5 |       0 |     167 |   0.0 |       0 |       5 |   0.0 |   142
               +---------+---------+-------+---------+---------+-------+---------
